 Dungeon Crawl Stone Soup version 0.32-a0-607-g64ea0e4219 (webtiles) character file.

Game seed: 18154228013300705577

3108693 Implojin the Acrobat (level 27, 224/224 HPs)
             Began as a Coglin Brigand on Mar 3, 2024.
             Was a High Priest of Okawaru.
             Escaped with the Orb
             ... and 5 runes
             ... and 1 gem (intact)!
             The game lasted 03:23:19 (75163 turns).

Implojin the Acrobat (Coglin Brigand)              Turns: 75163, Time: 03:23:20

Health: 224/224    AC: 34    Str: 13    XL:     27
Magic:  30/30      EV: 38    Int: 22    God:    Okawaru [*****.]
Gold:   7150       SH:  0    Dex: 33    Spells: 26/26 levels left

rFire   + + +        j - +5 quick blade "Akoireph" {spect, rElec rF++ Str+2 Int+3}
rCold   . . .        i - +9 quick blade (protect) {Yashnoor}
rNeg    . . .        w - quicksilver dragon scales
rPois   .            T - +3 hat "Itefin" {rElec Dex+7}
rElec   +            b - +2 cloak {rCorr}
rCorr   +            t - +2 pair of gloves {Stlth+}
SInv    .            s - +2 pair of boots
Will    +++..        (amulet unavailable)
Stlth   +++          (ring unavailable)
HPRegen 1.37/turn    (ring unavailable)
MPRegen 0.62/turn    V - actuated samoflange {rF+ Regen+ RegenMP+ Slay+3}

%: no passive effects
@: studying Unarmed Combat
A: off-hand wielding, slow wielding, warmup strikes, no jewellery, clever 2,
screaming 2, electricity resistance, inability to drink after injury 1
0: Orb of Zot
}: 5/15 runes: decaying, serpentine, slimy, silver, abyssal
a: Renounce Religion, Heroism, Finesse, Duel


You escaped.
You worshipped Okawaru.
Okawaru was extremely pleased with you.
You visited 10 branches of the dungeon, and saw 52 of its levels.
You visited the Abyss 3 times.
You also visited: Trove.

You collected 8892 gold pieces.
You spent 1742 gold pieces at shops.

Inventory:

Hand Weapons
 e - the +8 trishula "Condemnation" {holy, anguish, *Noise Fly rN+}
   (You found it on level 5 of the Lair of Beasts)

   rN+:       It protects you from negative energy.
   Fly:       It grants you flight.
   *Noise:    It may make a loud noise when swung.
 i - a +9 quick blade of protection (offhand) {Yashnoor}
 j - the +5 quick blade "Akoireph" (weapon) {spect, rElec rF++ Str+2 Int+3}
   (Okawaru gifted it to you on level 1 of the Lair of Beasts)

   Str+2:     It affects your strength (+2).
   Int+3:     It affects your intelligence (+3).
   rF++:      It greatly protects you from fire.
   rElec:     It insulates you from electricity.
 I - a +3 rapier of flaming
 U - a +1 rapier of holy wrath
Missiles
 h - 47 boomerangs (quivered)
 l - 4 throwing nets
 r - 24 curare-tipped darts
 B - 2 darts of dispersal
 D - 18 silver javelins
 K - 33 javelins
Armour
 b - a +2 cloak of preservation (worn)
 s - a +2 pair of boots (worn)
 t - a +2 pair of gloves of stealth (worn)
 w - quicksilver dragon scales (worn)
 x - a scarf of invisibility
 T - the +3 hat "Itefin" (worn) {rElec Dex+7}
   (Okawaru gifted it to you on level 1 of the Lair of Beasts)

   Dex+7:     It affects your dexterity (+7).
   rElec:     It insulates you from electricity.
 Z - the +2 helmet of the Comet {*Slow rPois Regen+ MP+9}
   (You found it on level 1 of the Elven Halls)

   rPois:     It protects you from poison.
   MP+9:      It affects your magic capacity (+9).
   Regen+:    It increases your rate of health regeneration.
   *Slow:     It may slow you when you take damage.
Gizmo
 V - an actuated samoflange (installed) {rF+ Regen+ RegenMP+ Slay+3}
   (You invented it yourself on level 5 of the Lair of Beasts)

   [actuated samoflange]

   Slay+3:    It affects your accuracy & damage with ranged weapons and melee
   (+3).
   rF+:       It protects you from fire.
   Regen+:    It increases your rate of health regeneration.
   RegenMP+:  It increases your rate of magic regeneration.
Wands
 C - a wand of acid (36)
 G - a wand of roots (40)
 M - a wand of digging (2)
 O - a wand of paralysis (20)
Scrolls
 a - 3 scrolls of silence
 f - a scroll of enchant armour
 g - 2 scrolls of blinking
 n - 3 scrolls of fear
 o - 11 scrolls of teleportation
 p - a scroll of revelation
 q - 4 scrolls of immolation
 y - a scroll of fog
 Y - 3 scrolls of vulnerability
Potions
 c - a potion of invisibility
 k - 2 potions of haste
 m - 4 potions of cancellation
 u - 5 potions of curing
 z - 6 potions of heal wounds
 A - 6 potions of magic
 E - 7 potions of mutation
 F - 2 potions of attraction
 J - 3 potions of enlightenment
 N - a potion of might
 P - 3 potions of berserk rage
 Q - 5 potions of resistance
Miscellaneous
 L - a phial of floods
 S - a condenser vane
 W - a lightning rod (4/4)


   Skills:
 - Level 20.0 Fighting
 - Level 18.0 Short Blades
 - Level 6.0 Throwing
 * Level 24.2 Armour
 - Level 25.0 Dodging
 - Level 15.0 Stealth
 - Level 10.0 Invocations
 - Level 7.0 Evocations


You had 26 spell levels left.
You didn't know any spells.
Your spell library contained the following spells:

 Spells                   Type           Power      Damage    Failure   Level
 Foxfire                  Conj/Fire      0%         2x1d4     24%         1
 Kiss of Death            Conj/Necr      0%         2d5       24%         1
 Magic Dart               Conj           0%         1d3       24%         1
 Necrotise                Necr           0%         1d4       24%         1
 Sting                    Conj/Alch      0%         1d3       24%         1
 Blink                    Tloc           0%         N/A       34%         2
 Cigotuvi's Dreadful Rot  Necr/Alch/Air  0%         N/A       34%         2
 Lesser Beckoning         Tloc           0%         N/A       34%         2
 Momentum Strike          Conj/Tloc      0%         3d8       34%         2
 Searing Ray              Conj           0%         2d4       34%         2
 Static Discharge         Conj/Air       0%         3-3/arc   34%         2
 Sublimation of Blood     Necr           0%         N/A       34%         2
 Confusing Touch          Hex            0%         N/A       56%         3
 Frozen Ramparts          Ice            0%         1d1       56%         3
 Fugue of the Fallen      Necr           0%         N/A       56%         3
 Gell's Gravitas          Tloc           0%         N/A       56%         3
 Hailstorm                Conj/Ice       0%         3d5       56%         3
 Inner Flame              Hex/Fire       0%         N/A       56%         3
 Ozocubu's Armour         Ice            0%         N/A       56%         3
 Teleport Other           Tloc           0%         N/A       56%         3
 Vampiric Draining        Necr           0%         2d6       56%         3
 Volatile Blastmotes      Fire/Tloc      0%         2d10      56%         3
 Airstrike                Air            0%         2d(0-16)  93%         4
 Anguish                  Hex/Necr       0%         N/A       93%         4
 Brom's Barrelling Bould  Conj/Erth      0%         2d3       93%         4
 Cause Fear               Hex            0%         N/A       93%         4
 Dimensional Bullseye     Hex/Tloc       0%         N/A       93%         4
 Dispel Undead            Necr           0%         3d6       93%         4
 Fulminant Prism          Conj/Alch      0%         3d5       93%         4
 Iskenderun's Mystic Bla  Conj/Tloc      0%         2d3       93%         4
 Leda's Liquefaction      Alch/Erth      0%         N/A       93%         4
 Manifold Assault         Tloc           0%         N/A       93%         4
 Passage of Golubria      Tloc           0%         N/A       93%         4
 Petrify                  Alch/Erth      0%         N/A       93%         4
 Sticky Flame             Fire/Alch      0%         2d4       93%         4
 Vhi's Electric Charge    Tloc/Air       0%         N/A       93%         4
 Alistair's Intoxication  Alch           0%         N/A       100%        5
 Arcjolt                  Conj/Air       0%         1d10      100%        5
 Borgnjor's Vile Clutch   Necr/Erth      0%         N/A       100%        5
 Curse of Agony           Necr           0%         N/A       100%        5
 Fireball                 Conj/Fire      0%         3d3       100%        5
 Irradiate                Conj/Alch      0%         3d11      100%        5
 Iskenderun's Battlesphe  Conj           0%         2d6       100%        5
 Lee's Rapid Deconstruct  Erth           0%         3d4*      100%        5
 Metabolic Englaciation   Hex/Ice        0%         N/A       100%        5
 Silence                  Hex/Air        0%         N/A       100%        5
 Bombard                  Conj/Erth      0%         9d1       100%        6
 Conjure Ball Lightning   Conj/Air       0%         3x3d6     100%        6
 Dispersal                Tloc           0%         N/A       100%        6
 Eringya's Noxious Bog    Alch           0%         4d6       100%        6
 Plasma Beam              Fire/Air       0%         2x1d10    100%        6
 Starburst                Conj/Fire      0%         6d3       100%        6
 Enfeeble                 Hex            0%         N/A       100%        7
 Orb of Destruction       Conj           0%         9d5       100%        7
 Ozocubu's Refrigeration  Ice            0%         4d7       100%        7
 Borgnjor's Revivificati  Necr           0%         N/A       100%        8
 Discord                  Hex            0%         N/A       100%        8
 Disjunction              Tloc           0%         N/A       100%        8
 Ignition                 Fire           0%         3d3       100%        8
 Lehudib's Crystal Spear  Conj/Erth      0%         10d2      100%        8
 Maxwell's Capacitive Co  Air            0%         ∞         100%        8
 Death's Door             Necr           0%         N/A       100%        9
 Polar Vortex             Ice            0%         N/A       100%        9
 Call Imp                 Summ           Unusable   N/A       N/A         2
 Summon Ice Beast         Ice/Summ       Unusable   N/A       N/A         3
 Animate Armour           Summ/Erth      Unusable   N/A       N/A         4
 Animate Dead             Necr           Unusable   N/A       N/A         4
 Martyr's Knell           Necr/Summ      Unusable   N/A       N/A         4
 Summon Lightning Spire   Summ/Air       Unusable   N/A       N/A         4
 Summon Forest            Summ/Tloc      Unusable   N/A       N/A         5
 Death Channel            Necr           Unusable   N/A       N/A         6
 Sculpt Simulacrum        Ice/Alch       Unusable   N/A       N/A         6
 Haunt                    Necr/Summ      Unusable   N/A       N/A         7
 Summon Hydra             Summ           Unusable   N/A       N/A         7

Dungeon Overview and Level Annotations

Branches:
Dungeon (15/15)            Temple (0/1) D:5            Lair (5/5) D:9
  Swamp (4/4) Lair:2        Snake (4/4) Lair:2        Slime (5/5) Lair:5
    Orc (2/2) D:9             Elf (3/3) Orc:2        Vaults (5/5) D:14
  Crypt (0/3) Vaults:3     Depths (4/4) D:15            Zot (5/5) Depths:4

Altars:
Cheibriados
Elyvilon
Fedhas
Gozag
Hepliaklqana
Kikubaaqudgha
Makhleb
Nemelex Xobeh
Okawaru
Qazlal
Ru
Sif Muna
Trog
Uskayaw
Vehumet
Wu Jian
Xom
Zin
The Shining One
Beogh
Jiyva

Shops:
Orc:2 :!:(   Elf:1 (   Elf:3 (   Snake:2 *!   Vaults:5 =   Depths:3 :=:

Portals:
Hell: Depths:1 Depths:2 Depths:3 Depths:4
Abyss: Depths:3
Pandemonium: Depths:1 Depths:2 Depths:4
Ziggurat: Depths:2

Annotations:
D:9 2 runed translucent doors, exclusion: orange crystal statue
D:11 1 runed translucent door
Snake:2 Wyifuy's ghost, adept MiFi


Innate Abilities, Weirdness & Mutations

You can wield a second weapon in your off-hand.
It takes a long time for you to wield or remove held weapons.
Your first few attacks do less damage.
You cannot equip rings or amulets.
Your mind is very acute. (Int +8, Str/Dex -2)
You frequently scream uncontrollably at your foes.
You are resistant to electric shocks. (rElec)
You occasionally lose the ability to drink potions when taking damage.


Message History

You puncture the Brimstone Fiend with the +5 quick blade "Akoireph"!
You hit the Brimstone Fiend with the +5 quick blade "Akoireph".
The Brimstone Fiend is severely wounded.
Your +5 quick blade "Akoireph" {spect, rElec rF++ Str+2 Int+3} hits the Brimstone Fiend.
Your +5 quick blade "Akoireph" {spect, rElec rF++ Str+2 Int+3} hits the Brimstone Fiend but does no damage.
Danger: Brimstone Fiend |T3| Reason: Torment and not torment immune!
You strike the helpless Brimstone Fiend from behind!
You skewer the Brimstone Fiend like a kebab with your +9 quick blade of protection!!!
You kill the Brimstone Fiend!
Okawaru accepts your kill.
Your +5 quick blade "Akoireph" {spect, rElec rF++ Str+2 Int+3} disappears.
Items here: )) [ ÷÷.
Items here: )) ÷÷.
There is a stone staircase leading up here.
You climb upwards.
There is a stone staircase leading down here.
Unknown command.
(D) Dungeon (T) Temple (L) Lair (S) Swamp (P) Snake Pit (M) Slime Pits (O) Orcish Mines (E) Elven Halls (V) Vaults (C) Crypt (U) Depths (H) Hell (Z) Zot
Where to? (Tab/Enter - D:1 @ (x,y), ? - help)
You scream at the Orb Guardian!
An Orb Guardian comes into view.
You scream at the Orb Guardian!
There is a stone staircase leading up here.
You climb upwards.
There is a stone staircase leading down here.
Unknown command.
(D) Dungeon (T) Temple (L) Lair (S) Swamp (P) Snake Pit (M) Slime Pits (O) Orcish Mines (E) Elven Halls (V) Vaults (C) Crypt (U) Depths (H) Hell (Z) Zot
Where to? (Tab/Enter - D:1 @ (x,y), ? - help)
There is a stone staircase leading up here.
You climb upwards.
There is a stone staircase leading down here.
There is an open door here.
There is a staircase leading out of the dungeon here.
You have escaped!

######### #.......#
##### #.......# #...#
#.......# #.@.#
#.......# #...#
#.......# #...#
####.......# ###'####
...........###...h..#
.#####'######....h..#
.# #.#### #.#####.#
.# ###....# #..#..#.#
.# #......# ##.#..#.#


You could see 2 hell hounds.

Vanquished Creatures
  the Royal Jelly (Slime:5)
  4 dread liches
  4 ancient liches
  A juggernaut (Depths:1)
  A pandemonium lord (Depths:1)
  6 orbs of fire
  The ghost of Dommouf the Slayer, a veteran OnBe of Trog (Zot:1)
  the Lernaean hydra (Swamp:4)
  11 Killer Klowns
  Vv (Zot:1)
  Saint Roka (Elf:3)
  4 curse toes
  A caustic shrike (Depths:1)
  Vashnia (Snake:3)
  11 golden dragons
  A bone dragon (Vaults:3)
  Norris (Depths:2)
  A Brimstone Fiend (D:4)
  22 tentacled monstrosities
  3 liches
  Jorgrun (Orc:1)
  3 electric golems (Zot:5)
  29 Orb Guardians
  An Ice Fiend (D:15)
  Asterion (Snake:1)
  Rupert (Orc:2)
  Zenata (Elf:3)
  3 Hell Sentinels
  A deep elf master archer (Elf:3)
  3 titans
  2 deep elf blademasters (Elf:3)
  2 walking crystal tomes
  10 acid blobs
  3 Executioners (Zot:1)
  6 quicksilver dragons
  The ghost of SirDiesAlot the Bewitcher, an adept OpEn of Gozag (Vaults:1)
  7 death cobs
  4 sphinxes
  Kirke (Lair:4)
  6 tentacled starspawn (Abyss:3)
  Aizul (Arena)
  6 tengu reavers
  13 shadow dragons
  Donald (Orc:2)
  6 draconian monks
  6 rockslimes
  8 azure jellies
  10 protean progenitors
  Roxanne (D:15)
  A fenstrider witch (Swamp:4)
  The ghost of Okkeon the Phalangite, an adept MfBe of Trog (Swamp:3)
  17 storm dragons
  5 nagarajas
  5 draconian knights
  The ghost of Tewoziw the Warrior, a journeyman FoFi of Okawaru (D:15)
  Louise (Snake:1)
  12 frost giants
  5 draconian shifters
  4 deep elf sorcerers
  16 vault wardens
  13 fire giants
  7 draconian scorchers
  9 deep elf elementalists
  A ghoul (Swamp:3)
  2 iron dragons (Vaults:5)
  4 balrugs
  3 ghost moths
  4 draconian stormcallers
  A cacodemon (Zot:1)
  4 formless jellyfish
  3 orc warlords
  30 ironbound preservers
  A reaper (Depths:3)
  11 ironbound thunderhulks
  33 very ugly things
  7 quicksilver oozes
  2 broodmothers
  3 vampire knights
  9 draconian annihilators
  2 spriggan defenders
  14 stone giants
  8 green draconians
  4 eleionomae
  2 lorocyprocas
  11 black draconians
  11 deep elf annihilators
  19 white draconians
  10 red draconians
  The ghost of Vadun the Carver, a journeyman VSGl (Lair:5)
  4 bunyips
  9 deep elf death magi
  9 purple draconians
  17 yellow draconians
  9 deep elf demonologists
  5 dire elephants
  Azrael (Snake:1)
  9 spark wasps
  Snorg (Orc:1)
  3 jiangshi (Depths:1)
  7 blizzard demons
  3 green deaths
  14 ettins
  An entropy weaver (Vaults:4)
  3 shambling mangroves
  6 fire dragons
  Josephine (D:15)
  6 deep elf high priests
  7 ice dragons
  16 yaktaur captains
  6 great orbs of eyes
  33 vault guards
  20 hydras
  9 salamander tyrants
  11 rakshasas
  3 spriggan air magi
  3 peacekeepers (Vaults:2)
  9 anacondas
  A hell beast (D:11)
  3 ogre magi
  An alligator (shapeshifter) (Depths:2)
  2 radroaches (Zot:2)
  3 centaur warriors
  A ghost crab (Swamp:4)
  9 boulder beetles
  35 dancing weapons
  9 alligators
  10 ironbound frosthearts
  4 deep troll earth magi
  14 two-headed ogres
  2 two-headed ogres (shapeshifter)
  3 deep troll shamans
  4 death yaks (Lair:5)
  3 vampire magi
  7 spriggan berserkers
  3 hell hogs
  13 naga sharpshooters
  7 tengu warriors
  10 naga warriors
  A soul eater (Depths:4)
  8 hell knights
  2 orc high priests
  12 spriggans
  7 skysharks
  23 deep elf knights
  4 sun demons
  5 shock serpents
  2 thrashing horrors (Abyss:3)
  2 wretched stars (Abyss:3)
  2 iron trolls
  9 salamander mystics
  A skyshark (shapeshifter) (D:15)
  61 deep trolls
  2 sixfirhies (Zot:1)
  2 orange crystal statues
  A flayed ghost (Vaults:5)
  7 goliath frogs
  4 spriggan druids
  16 swamp dragons
  A deep troll (shapeshifter) (Vaults:5)
  23 ironbound convokers
  2 glowing orange brains
  7 mana vipers
  7 bog bodies
  10 deep elf archers
  6 arcanists
  3 shadow demons
  2 harpies
  23 deep elf zephyrmancers
  3 naga ritualists
  14 orc knights
  18 lindwurms
  3 necromancers
  6 thermic dynamos
  2 phantasmal warriors (Vaults:5)
  6 starcursed masses (Abyss:3)
  40 ugly things
  23 deep elf pyromancers
  2 wolf spiders (Zot:4)
  An elf skeleton (Vaults:1)
  6 shining eyes
  3 will-o-the-wisps
  22 moths of wrath
  A moth of wrath (shapeshifter) (Depths:1)
  32 salamanders
  A worldbinder (Abyss:3)
  A cyclops (shapeshifter) (Vaults:5)
  4 cyclopes
  3 manticores
  3 orc sorcerers
  A rust devil (Depths:4)
  3 meliai (D:14)
  4 elephants (Lair:2)
  9 guardian serpents
  18 naga magi
  16 vault sentinels
  5 unseen horrors
  A torpor snail (Lair:1)
  2 gargoyles (D:12)
  23 black mambas
  A smoke demon (Abyss:3)
  2 apocalypse crabs (Abyss:3)
  2 orange demons
  2 large abominations (Abyss:3)
  Jeremiah (D:6)
  2 eyes of devastation (Slime:5)
  A hellion (Abyss:3)
  A rime drake (shapeshifter) (Elf:2)
  3 efreet
  4 rime drakes
  4 komodo dragons
  15 yaktaurs
  18 cane toads
  The ghost of gimp the Digger, a novice CoEE (D:5)
  4 kobold demonologists
  A tormentor (Depths:4)
  4 tengu conjurers
  A red devil (D:5)
  2 hellwings
  2 ancient zymes (Abyss:3)
  A bloated husk (Swamp:1)
  12 trolls
  16 hornets
  8 tyrant leeches
  A dream sheep (shapeshifter) (Depths:3)
  13 blink frogs
  4 glass eyes
  76 slime creatures
  A jumping spider (Vaults:4)
  3 ynoxinuls
  Sigmund (D:6)
  A shadow (D:9)
  3 air elementals
  A vampire (D:13)
  2 water elementals (Elf:3)
  8 wraiths
  A hog (Lair:4)
  8 fire elementals
  8 humans
  4 wyverns
  74 yaks
  2 redbacks (Vaults:4)
  22 vampire mosquitoes
  6 basilisks
  4 wargs
  5 steam dragons
  A neqoxec (D:9)
  5 golden eyes
  A redback (shapeshifter) (Elf:1)
  31 nagas
  An acid dragon (D:9)
  10 swamp worms
  4 hell hounds (Snake:1)
  16 water moccasins
  2 glowing shapeshifter skeletons (Vaults:1)
  A meliai simulacrum (D:14)
  45 orc warriors
  8 swamp drakes
  5 black bears
  3 laughing skulls
  16 wolves
  6 boggarts
  3 small abominations
  9 centaurs
  23 ogres
  2 phantoms
  4 earth elementals
  6 kobold brigands
  14 bullfrogs
  9 scorpions
  8 wights
  A burial acolyte (D:5)
  7 killer bees
  4 electric eels
  A howler monkey (D:9)
  A bombardier beetle (D:5)
  2 quasits
  22 orc priests
  4 hounds
  13 jellies
  2 gnoll boudas
  An iron imp (Abyss:3)
  7 iguanas
  3 sleepcaps
  28 orc wizards
  7 hell rats (Lair:2)
  A hound zombie (D:5)
  11 gnolls
  5 adders
  2 shadow imps (D:5)
  4 white imps
  3 ufetubi
  2 adder zombies (D:5)
  4 dart slugs
  100 orcs
  4 ball pythons
  3 bats
  9 endoplasms
  8 giant cockroaches
  3 gnoll zombies (D:5)
  8 hobgoblins
  2 jackals (D:4)
  2 quokkas
  2 frilled lizards
  5 goblins
  25 kobolds
  A kobold zombie (D:5)
  3 rats
  5 aspiring fleshes
  A lurking horror (Abyss:3)
  3 starspawn tentacles (Abyss:3)
2320 creatures vanquished.

Vanquished Creatures (others)
  A yaktaur captain (Vaults:5)
  A vault guard (D:14)
  2 deep elf knights
  A flayed ghost (Depths:4)
  A deep elf pyromancer (Elf:2)
  A deep elf zephyrmancer (Elf:1)
  A salamander (Snake:4)
  A bloated husk (Swamp:2)
  A spriggan (Swamp:3)
  2 water elementals (Elf:1)
  A human (D:14)
  An orc warrior (Orc:1)
  A centaur (D:13)
  An orc priest (Orc:1)
  An orc wizard (Orc:2)
  An adder (D:5)
  A quokka (D:5)
  10 foxfires
  142 spectral weapons
  7 starspawn tentacles (Abyss:3)
178 creatures vanquished.

Grand Total: 2498 creatures vanquished

Notes
Turn   | Place    | Note
-------+----------+-------------------------------------------
     0 | D:1      | Implojin the Coglin Brigand began the quest for the Orb.
     0 | D:1      | Reached XP level 1. HP: 16/16 MP: 1/1
   466 | D:1      | Reached XP level 2. HP: 22/22 MP: 2/2
  1356 | D:2      | Reached XP level 3. HP: 17/27 MP: 3/3
  1733 | D:2      | Found a faded altar of an unknown god.
  2357 | D:3      | Found a glowing silver altar of Zin.
  2511 | D:3      | Reached XP level 4. HP: 31/33 MP: 4/4
  2519 | D:3      | Reached skill level 1 in Evocations
  2649 | D:3      | Reached XP level 5. HP: 35/38 MP: 5/5
  2692 | D:3      | Got the Tome of the Ossuary and the Excursion
  2954 | D:4      | Noticed a phantom
  3358 | D:4      | Found an iron altar of Okawaru.
  3361 | D:4      | Found an opulent altar of Gozag.
  3370 | D:4      | Found a burning altar of Makhleb.
  3373 | D:4      | Found a blossoming altar of Fedhas.
  3376 | D:4      | Found an ornate altar of the Wu Jian Council.
  3380 | D:4      | Found a sacrificial altar of Ru.
  3429 | D:4      | Killed a phantom
  3430 | D:4      | Reached XP level 6. HP: 43/48 MP: 6/6
  3540 | D:4      | Found a shimmering blue altar of Sif Muna.
  3607 | D:4      | Became a worshipper of Warmaster Okawaru
  3638 | D:5      | Entered Level 5 of the Dungeon
  3761 | D:5      | Found a staircase to the Ecumenical Temple.
  3837 | D:5      | Noticed a steam dragon
  3844 | D:5      | Killed a steam dragon
  3845 | D:5      | Reached skill level 5 in Stealth
  3845 | D:5      | Reached XP level 7. HP: 43/54 MP: 7/7
  3994 | D:5      | Found a runed translucent gate.
  3995 | D:5      | Found a runed translucent gate.
  3996 | D:5      | Found a runed translucent gate.
  3996 | D:5      | Noticed gimp's ghost (novice CoEE)
  3998 | D:5      | Found a roughly hewn altar of Beogh.
  3998 | D:5      | Identified the +2 spear of Cenohif {vamp, Str+3}
  4341 | D:6      | Reached * piety under Okawaru
  4508 | D:6      | Reached skill level 5 in Short Blades
  4508 | D:6      | Reached XP level 8. HP: 58/60 MP: 8/8
  4834 | D:6      | Reached skill level 5 in Fighting
  4870 | D:6      | Noticed Sigmund
  4877 | D:6      | Killed Sigmund
  4877 | D:6      | Reached ** piety under Okawaru
  5040 | D:6      | Noticed Jeremiah
  5416 | D:5      | Found an ancient bone altar of Kikubaaqudgha.
  5428 | D:5      | Reached XP level 9. HP: 68/68 MP: 9/9
  6058 | D:6      | Killed Jeremiah
  6884 | D:7      | Reached *** piety under Okawaru
  7237 | D:7      | Found a hazy altar of Hepliaklqana.
  7343 | D:7      | Noticed a green ugly thing
  7397 | D:7      | Found a white marble altar of Elyvilon.
  7397 | D:7      | Found a sparkling altar of Nemelex Xobeh.
  7512 | D:8      | Found a radiant altar of Vehumet.
  7545 | D:8      | Reached skill level 1 in Invocations
  8144 | D:8      | Reached XP level 10. HP: 67/79 MP: 12/12
  8516 | D:8      | Reached **** piety under Okawaru
  8517 | D:8      | Reached skill level 5 in Invocations
  8517 | D:8      | Reached skill level 1 in Dodging
  8681 | D:8      | Found a radiant altar of Vehumet.
  9283 | D:9      | Found a runed translucent door.
  9283 | D:9      | Noticed Psyche
  9288 | D:9      | Noticed Psyche
  9293 | D:9      | Killed Psyche the water moccasin
  9294 | D:9      | Reached skill level 2 in Dodging
  9458 | D:9      | Found a stormy altar of Qazlal.
  9490 | D:9      | Reached skill level 3 in Dodging
  9577 | D:9      | Reached skill level 4 in Dodging
  9592 | D:9      | Reached skill level 5 in Dodging
  9780 | D:9      | Found a staircase to the Lair.
  9853 | D:9      | Reached ***** piety under Okawaru
 10738 | D:9      | Reached XP level 11. HP: 51/84 MP: 14/14
 11068 | D:9      | Found the +10 tower shield of Ignorance {rN+ Int-4}
 11110 | D:9      | Found a runed translucent door.
 11117 | D:9      | Noticed an orange crystal statue
 11422 | D:9      | Found a staircase to the Orcish Mines.
 11499 | D:10     | Entered Level 10 of the Dungeon
 12434 | D:10     | Found a shimmering altar of Xom.
 12975 | D:11     | Reached skill level 10 in Short Blades
 13075 | D:11     | Noticed a cyan ugly thing
 13091 | D:11     | Killed a cyan ugly thing
 13145 | D:11     | Reached skill level 5 in Evocations
 13212 | D:11     | Noticed a two-headed ogre
 13220 | D:11     | Killed a two-headed ogre
 13621 | D:11     | Found a runed translucent door.
 13700 | D:11     | Identified a scroll of acquirement
 13787 | D:11     | Found a glowing golden altar of the Shining One.
 13847 | D:11     | Found a white marble altar of Elyvilon.
 13986 | D:11     | Reached skill level 6 in Dodging
 14000 | D:11     | Received a gift from Okawaru
 14273 | D:11     | Found a runed translucent door.
 14581 | Lair:1   | Entered Level 1 of the Lair of Beasts
 14610 | Lair:1   | Reached skill level 7 in Dodging
 14674 | Lair:1   | Reached ****** piety under Okawaru
 14814 | Lair:1   | Acquired the +3 hat "Itefin" {rElec Dex+7}
 14814 | Lair:1   | Received a gift from Okawaru
 14831 | Lair:1   | Acquired the +5 quick blade "Akoireph" {spect, rElec rF++
                  | Str+2 Int+3}
 14831 | Lair:1   | Received a gift from Okawaru
 14951 | Lair:1   | Reached XP level 12. HP: 66/91 MP: 15/15
 14987 | Lair:1   | Reached skill level 8 in Dodging
 15330 | Lair:1   | Received a gift from Okawaru
 15345 | Lair:1   | Reached skill level 9 in Dodging
 16010 | Lair:2   | Reached skill level 10 in Dodging
 16329 | Lair:2   | Found a staircase to the Snake Pit.
 16644 | Lair:2   | You fall into a shaft and drop 2 floors!
 16650 | Lair:4   | Received a gift from Okawaru
 16981 | Lair:3   | Noticed a skyshark
 16988 | Lair:3   | Killed a skyshark
 17060 | Lair:3   | Reached XP level 13. HP: 96/96 MP: 16/16
 18237 | Lair:2   | Found a staircase to the Swamp.
 18331 | Lair:2   | Received a gift from Okawaru
 19071 | Lair:4   | Received a gift from Okawaru
 19870 | Lair:5   | Entered Level 5 of the Lair of Beasts
 19983 | Lair:5   | Found a runed translucent door.
 19985 | Lair:5   | Noticed Vadun's ghost (journeyman VSGl)
 20003 | Lair:5   | Identified the +1 leather armour of the Quahog {rF+ Regen+
                  | Dex+4 Stlth-}
 20055 | Lair:5   | Received a gift from Okawaru
 20586 | Lair:5   | Reached skill level 10 in Fighting
 20586 | Lair:5   | Reached skill level 1 in Armour
 20586 | Lair:5   | Reached XP level 14. HP: 108/110 MP: 17/17
 20586 | Lair:5   | Acquired an actuated samoflange {rF+ Regen+ RegenMP+
                  | Slay+3}
 20730 | Lair:5   | Noticed Kirke
 20754 | Lair:4   | Received a gift from Okawaru
 20835 | Lair:4   | Acquired a +1 rapier of holy wrath
 20863 | Lair:4   | Noticed a sphinx
 20864 | Lair:4   | Killed Kirke
 20957 | Lair:5   | Reached skill level 5 in Armour
 21019 | Lair:5   | Noticed a quicksilver ooze
 21032 | Lair:5   | Killed a quicksilver ooze
 21045 | Lair:5   | Noticed a quicksilver ooze
 21073 | Lair:5   | Killed a quicksilver ooze
 21366 | Lair:5   | Found a viscous altar of Jiyva.
 21367 | Lair:5   | Found a staircase to the Slime Pits.
 21374 | Lair:5   | Received a gift from Okawaru
 21440 | Lair:5   | Reached skill level 11 in Dodging
 21577 | Lair:5   | Noticed an azure jelly
 21578 | Lair:5   | Noticed an azure jelly
 21578 | Lair:5   | Noticed a quicksilver ooze
 21622 | Lair:4   | Killed a quicksilver ooze
 21874 | Lair:5   | Killed an azure jelly
 21938 | Lair:5   | Killed an azure jelly
 21938 | Lair:5   | Received a gift from Okawaru
 21939 | Lair:5   | Reached skill level 12 in Dodging
 21990 | Lair:5   | Found the +8 trishula "Condemnation" {holy, anguish, *Noise
                  | Fly rN+}
 22263 | Lair:5   | Killed Vadun's ghost
 22961 | D:5      | Killed gimp's ghost
 23161 | D:12     | Received a gift from Okawaru
 23332 | D:12     | Reached skill level 13 in Dodging
 23389 | D:12     | Found a transporter.
 23451 | D:12     | Reached XP level 15. HP: 115/115 MP: 18/18
 23651 | D:12     | Found a transporter.
 24129 | D:13     | Received a gift from Okawaru
 24133 | D:13     | Reached skill level 14 in Dodging
 25329 | D:14     | Received a gift from Okawaru
 25472 | D:14     | Found a gate to the Vaults.
 25574 | D:15     | Entered Level 15 of the Dungeon
 25760 | D:15     | Noticed Josephine
 25781 | D:15     | Killed Josephine
 25821 | D:15     | Found a transporter.
 25834 | D:15     | Found a bloodstained altar of Trog.
 25834 | D:15     | Noticed Tewoziw's ghost (journeyman FoFi)
 25882 | D:15     | Found a transporter.
 26150 | D:15     | Noticed Roxanne
 26175 | D:15     | Killed Roxanne
 26353 | D:15     | Received a gift from Okawaru
 26411 | D:15     | Found a staircase to the Depths.
 26906 | Orc:1    | Entered Level 1 of the Orcish Mines
 26916 | Orc:1    | Noticed Snorg
 26932 | Orc:1    | Killed Snorg
 27181 | Orc:1    | Found a roughly hewn altar of Beogh.
 27215 | Orc:1    | Noticed Jorgrun
 27225 | Orc:1    | Killed Jorgrun
 27226 | Orc:1    | Reached XP level 16. HP: 132/132 MP: 15/19
 27273 | Orc:1    | Found a roughly hewn altar of Beogh.
 27587 | Orc:2    | Entered Level 2 of the Orcish Mines
 27594 | Orc:2    | Paralysed by an orc sorcerer for 2 turns
 27709 | Orc:2    | Found a staircase to the Elven Halls.
 27709 | Orc:2    | Noticed Donald
 27798 | Orc:2    | Killed Donald
 27798 | Orc:2    | Received a gift from Okawaru
 27831 | Orc:2    | Noticed Rupert
 28111 | Orc:2    | Killed Rupert
 28111 | Orc:2    | Received a gift from Okawaru
 28112 | Orc:2    | Reached skill level 10 in Stealth
 28145 | Orc:2    | Found Gyikosat's Distillery.
 28151 | Orc:2    | Found Kethrousy's Book Shoppe.
 28168 | Orc:2    | Found Ruom's Book Boutique.
 28176 | Orc:2    | Found Vizom's Weapon Shoppe.
 28193 | Orc:2    | Paralysed by something for 3 turns
 28556 | Orc:2    | Bought a potion of haste for 170 gold pieces
 28556 | Orc:2    | Bought a potion of enlightenment for 85 gold pieces
 28556 | Orc:2    | Bought a potion of resistance for 170 gold pieces
 28556 | Orc:2    | Bought a potion of curing for 51 gold pieces
 28556 | Orc:2    | Bought a potion of brilliance for 68 gold pieces
 28556 | Orc:2    | Bought a potion of degeneration for 17 gold pieces
 28763 | Snake:1  | Entered Level 1 of the Snake Pit
 28763 | Snake:1  | Noticed Louise
 28875 | Snake:1  | Noticed Azrael
 28886 | Snake:1  | Reached skill level 15 in Fighting
 28891 | Snake:1  | Killed Azrael
 28955 | Snake:1  | Identified the +3 kite shield "Soajyt" {rElec Stlth+}
 28955 | Snake:1  | Noticed Asterion
 28993 | Snake:1  | Killed Asterion
 28993 | Snake:1  | Received a gift from Okawaru
 29008 | Snake:1  | Found an ancient bone altar of Kikubaaqudgha.
 29076 | Snake:1  | Identified the +6 falchion "Necyzxei" {freeze, *Rage +Blink
                  | rC+ rCorr}
 29089 | Snake:1  | Identified the serpent talisman of Ysuezxox {Dex+7}
 29089 | Snake:1  | Noticed Aizul
 29095 | Arena    | Entered the Arena
 29105 | Arena    | Killed Aizul
 29557 | Snake:1  | Received a gift from Okawaru
 29936 | Snake:2  | Found Lumeb's Distillery.
 29943 | Snake:2  | Noticed a nagaraja
 30169 | Snake:1  | Killed Louise
 30889 | Snake:1  | Reached XP level 17. HP: 145/145 MP: 20/20
 31008 | Snake:2  | Found Peityapn's General Store.
 31016 | Snake:2  | Bought a scroll of blinking for 120 gold pieces
 31016 | Snake:2  | Bought a potion of heal wounds for 80 gold pieces
 31016 | Snake:2  | Bought a scroll of teleportation for 48 gold pieces
 31016 | Snake:2  | Bought a potion of curing for 48 gold pieces
 31022 | Snake:2  | Bought a potion of heal wounds for 105 gold pieces
 31022 | Snake:2  | Bought a potion of heal wounds for 105 gold pieces
 31022 | Snake:2  | Bought a potion of curing for 63 gold pieces
 31022 | Snake:2  | Bought a potion of curing for 63 gold pieces
 31024 | Snake:2  | Bought 2 potions of mutation for 336 gold pieces
 31024 | Snake:2  | Bought a potion of mutation for 168 gold pieces
 31131 | Snake:2  | Received a gift from Okawaru
 31438 | Snake:2  | Found a runed translucent gate.
 31438 | Snake:2  | Found a runed translucent gate.
 31438 | Snake:2  | Found a runed translucent gate.
 31439 | Snake:2  | Noticed Wyifuy's ghost (adept MiFi)
 31698 | Snake:2  | Received a gift from Okawaru
 32210 | Snake:3  | Identified the +0 scale mail of the Chimera {rElec Will+}
 32323 | Snake:3  | Noticed Vashnia
 32448 | Snake:3  | Killed Vashnia
 32467 | Snake:3  | Received a gift from Okawaru
 32995 | Snake:4  | Entered Level 4 of the Snake Pit
 33071 | Snake:4  | Identified the +3 quarterstaff "Cinohah" {flame, +Blink
                  | Int+3}
 33225 | Snake:4  | Reached skill level 10 in Armour
 33523 | Snake:4  | Received a gift from Okawaru
 34288 | Snake:4  | Reached skill level 15 in Dodging
 34314 | Snake:4  | Reached XP level 18. HP: 154/154 MP: 21/21
 34489 | Snake:4  | Received a gift from Okawaru
 34752 | Snake:4  | Got a serpentine rune of Zot
 35764 | Swamp:1  | Entered Level 1 of the Swamp
 35810 | Swamp:1  | Reached skill level 16 in Dodging
 36575 | Swamp:2  | Received a gift from Okawaru
 36944 | Swamp:3  | Found a runed translucent door.
 36944 | Swamp:3  | Noticed Okkeon's ghost (adept MfBe)
 37091 | Swamp:3  | Reached skill level 17 in Dodging
 37096 | Swamp:3  | Received a gift from Okawaru
 37595 | Swamp:3  | Killed Okkeon's ghost
 37639 | Swamp:4  | Entered Level 4 of the Swamp
 37867 | Swamp:4  | Received a gift from Okawaru
 38142 | Swamp:4  | Reached XP level 19. HP: 136/161 MP: 24/24
 38251 | Swamp:4  | Noticed the 27-headed Lernaean hydra
 38260 | Swamp:4  | Killed the 27-headed Lernaean hydra
 38449 | Swamp:4  | Got a decaying rune of Zot
 39332 | Elf:1    | Entered Level 1 of the Elven Halls
 39405 | Elf:1    | Received a gift from Okawaru
 39453 | Elf:1    | Found Geusai's Weapon Emporium.
 39491 | Elf:1    | Identified the +2 helmet of the Comet {*Slow rPois Regen+
                  | MP+9}
 39521 | Elf:1    | Bought a throwing net for 45 gold pieces
 39727 | Elf:1    | Acquired 988 gold pieces
 40757 | Elf:2    | Reached skill level 10 in Invocations
 41267 | Elf:2    | Received a gift from Okawaru
 41352 | Arena    | Entered the Arena
 41437 | Elf:2    | Reached skill level 18 in Dodging
 41484 | Elf:2    | Found a runed translucent gate.
 41484 | Elf:2    | Found a runed translucent gate.
 41484 | Elf:2    | Found a runed translucent gate.
 41666 | Elf:3    | Entered Level 3 of the Elven Halls
 41952 | Elf:3    | Noticed Saint Roka
 42056 | Elf:3    | Killed Saint Roka
 42327 | Elf:3    | Noticed an Ice Fiend
 42330 | Elf:3    | Noticed a Brimstone Fiend
 42382 | Elf:3    | Received a gift from Okawaru
 42393 | Abyss:3  | Cast into level 3 of the Abyss (+0 trident of distortion)
 42424 | Abyss:3  | Found a corrupted altar of Lugonu.
 42432 | Abyss:3  | Found a corrupted altar of Lugonu.
 42432 | Abyss:3  | Found a corrupted altar of Lugonu.
 42434 | Abyss:3  | Found a corrupted altar of Lugonu.
 42456 | Abyss:3  | Noticed an ancient lich
 42474 | Abyss:3  | Killed an ancient lich
 42504 | Abyss:3  | Reached XP level 20. HP: 168/168 MP: 27/27
 42622 | Abyss:3  | Noticed a profane servitor
 42633 | Elf:3    | Escaped the Abyss
 42684 | Elf:3    | Found Oda Diyt's Weapon Emporium.
 42880 | Elf:3    | Received a gift from Okawaru
 42912 | Elf:3    | Identified the ring "Zeuteicw" {rF+ Will+ EV+5 Stlth+}
 42940 | Arena    | Entered the Arena
 43094 | Elf:3    | Noticed Zenata
 43109 | Elf:3    | Killed Zenata
 43110 | Elf:3    | Reached skill level 19 in Dodging
 43266 | Elf:3    | Identified the amulet "Siumu" {Faith rCorr}
 43266 | Elf:3    | Identified the +1 leather armour "Ohodoil" {rElec rF+}
 43303 | Elf:3    | Identified the +6 war axe "Tiheadom" {heavy, rPois Will+}
 43327 | Elf:3    | Identified the +1 war axe of the Real Monster {venom,
                  | Dex+3}
 43623 | Elf:3    | Identified the +1 battleaxe of Strategic Superiority
                  | {flame, rCorr}
 43651 | Elf:3    | Received a gift from Okawaru
 43927 | Elf:3    | Got the Reference Book on the Leaden Voyage
 44177 | Elf:3    | Found Oda Diyt's Weapon Emporium.
 44820 | Elf:2    | Reached skill level 20 in Dodging
 46729 | Elf:1    | Got the Lectures on the Ill-starred Cemetery
 47017 | Vaults:1 | Entered Level 1 of the Vaults
 47121 | Vaults:1 | Received a gift from Okawaru
 47246 | Vaults:1 | Reached XP level 21. HP: 174/174 MP: 28/28
 47615 | Vaults:1 | Found a runed translucent gate.
 47615 | Vaults:1 | Found a runed translucent gate.
 47615 | Vaults:1 | Found a runed translucent gate.
 47615 | Vaults:1 | Noticed SirDiesAlot's ghost (adept OpEn)
 47622 | Vaults:1 | Killed SirDiesAlot's ghost
 48754 | Vaults:2 | Received a gift from Okawaru
 49229 | Vaults:2 | Reached skill level 15 in Armour
 49586 | Vaults:2 | Received a gift from Okawaru
 50181 | Vaults:3 | Identified the +2 chain mail of the Treeataur {rCorr}
 50238 | Vaults:3 | Reached XP level 22. HP: 143/181 MP: 29/29
 50479 | Vaults:3 | Found a staircase to the Crypt.
 50803 | Vaults:3 | Identified the ring "Rosyux" {Will- MP+9 Int+3 Dex+2
                  | Slay+3}
 50826 | Vaults:3 | Received a gift from Okawaru
 51445 | Vaults:3 | Reached skill level 15 in Stealth
 51453 | Vaults:3 | Received a gift from Okawaru
 52171 | Vaults:4 | HP: 1/181 [orc warlord/+3 great sword (44)]
 52467 | Vaults:4 | Reached skill level 15 in Short Blades
 53010 | Vaults:4 | Received a gift from Okawaru
 53523 | Arena    | Entered the Arena
 53716 | Vaults:5 | Entered Level 5 of the Vaults
 53751 | Arena    | Entered the Arena
 53766 | Arena    | Entered the Arena
 53780 | Arena    | Entered the Arena
 53908 | Vaults:4 | Reached XP level 23. HP: 112/187 MP: 30/30
 54264 | Vaults:5 | Received a gift from Okawaru
 54631 | Vaults:5 | Got the Cyclopedia of Mutated Arrival
 54642 | Vaults:5 | Identified the ring "Gyedog" {rElec rPois Will+ MP-9 EV+5
                  | Dex+3}
 54981 | Vaults:5 | Found Qocokk's Jewellery Boutique.
 54981 | Vaults:5 | Noticed a dread lich
 54981 | Vaults:5 | Noticed a golden dragon
 54996 | Vaults:5 | Killed a dread lich
 55012 | Vaults:5 | Killed a golden dragon
 55017 | Arena    | Entered the Arena
 55073 | Vaults:5 | Got a silver rune of Zot
 55165 | Vaults:5 | Noticed a golden dragon
 55180 | Vaults:5 | Killed a golden dragon
 55311 | Vaults:5 | Identified the +0 scale mail of Maegaihi {rElec Dex+4}
 55449 | Vaults:5 | Noticed a golden dragon
 55458 | Vaults:5 | Killed a golden dragon
 55527 | Vaults:5 | Received a gift from Okawaru
 55532 | Arena    | Entered the Arena
 55686 | Vaults:5 | Identified the +4 leather armour "Benaenut" {Rampage rF-
                  | rN+ rCorr}
 56201 | Vaults:5 | Found Qocokk's Jewellery Boutique.
 57092 | D:15     | Killed Tewoziw's ghost
 57306 | Depths:1 | Entered Level 1 of the Depths
 57463 | Depths:1 | Found a blossoming altar of Fedhas.
 57496 | Depths:1 | Noticed a golden dragon
 57511 | Depths:1 | Killed a golden dragon
 57522 | Arena    | Entered the Arena
 57738 | Depths:1 | Reached XP level 24. HP: 198/201 MP: 30/30
 57773 | Depths:1 | Noticed a juggernaut
 57775 | Depths:1 | Noticed a caustic shrike
 57780 | Arena    | Entered the Arena
 57812 | Depths:1 | Killed a caustic shrike
 57822 | Depths:1 | Killed a juggernaut
 57822 | Depths:1 | Received a gift from Okawaru
 58063 | Depths:1 | Found a gateway to Hell.
 58738 | Depths:1 | Found a snail-covered altar of Cheibriados.
 58794 | Depths:1 | Found a one-way gate leading to the halls of Pandemonium.
 59096 | Depths:2 | Received a gift from Okawaru
 59273 | Depths:2 | Found a one-way gateway to a ziggurat.
 59320 | Depths:2 | Identified the +3 buckler of Cuawiowo {rElec Str+5 Dex-4}
 59408 | Depths:2 | Noticed Norris
 59436 | Depths:2 | Killed Norris
 59437 | Depths:2 | Reached skill level 21 in Dodging
 59639 | Depths:2 | Received a gift from Okawaru
 60404 | Depths:3 | Found a hide-covered altar of Uskayaw.
 60430 | Depths:3 | Found a one-way gate to the infinite horrors of the Abyss.
 60688 | Depths:3 | Reached skill level 22 in Dodging
 60904 | Depths:3 | Received a gift from Okawaru
 61086 | Depths:3 | Found Mojorev's Book Shoppe.
 61086 | Depths:3 | Found Sumaa's Jewellery Shop.
 61087 | Depths:3 | Found Ucsuotih's Book Shoppe.
 61358 | Depths:3 | Reached XP level 25. HP: 153/210 MP: 30/30
 61885 | Depths:4 | Entered Level 4 of the Depths
 62027 | Depths:4 | Received a gift from Okawaru
 62087 | Depths:4 | Reached skill level 23 in Dodging
 62095 | Depths:4 | Identified the +4 trident "Odiad" {flame, *Rage MP-9 Int+7
                  | SInv}
 62095 | Depths:4 | Identified the ring "Losirup" {rElec AC+4 Int-5 Dex+3
                  | Stlth+}
 62130 | Arena    | Entered the Arena
 62765 | Depths:4 | Found a portal to a secret trove of treasure.
 62811 | Depths:4 | Received a gift from Okawaru
 63366 | Depths:4 | Found a gate to the Realm of Zot.
 63550 | Depths:4 | Identified the staff "Nosic" {Fly rPois SInv Stlth+
                  | Alchemy}
 64423 | Slime:1  | Entered Level 1 of the Pits of Slime
 64516 | Slime:5  | Entered Level 5 of the Pits of Slime
 64560 | Slime:5  | Reached skill level 24 in Dodging
 64572 | Slime:5  | Found a viscous altar of Jiyva.
 64625 | Slime:5  | Gained mutation: You occasionally lose the ability to read
                  | scrolls when taking damage. [a shining eye]
 64676 | Slime:5  | Noticed the Royal Jelly
 64687 | Slime:5  | Killed the Royal Jelly
 64687 | Slime:5  | Received a gift from Okawaru
 64722 | Slime:5  | Got a starry gem with 370 turns to spare
 64724 | Slime:5  | Got a slimy rune of Zot
 64764 | Slime:5  | Identified the +2 leather armour of Ytsaf {rN+ Int+3}
 64776 | Slime:5  | Identified the amulet of Oxtifim {Acrobat ^Contam rPois
                  | Dex+8 SInv}
 64807 | Slime:5  | Identified the ring of Linearity {rF+ Dex+5}
 65329 | Depths:4 | You showed the slimy rune of Zot to enter a treasure trove
 65330 | Trove    | Entered a treasure trove
 65618 | Depths:3 | Voluntarily entered the Abyss.
 65710 | Abyss:3  | Got an abyssal rune of Zot
 65811 | Depths:3 | Escaped the Abyss
 65889 | Zot:1    | Entered Level 1 of the Realm of Zot
 66015 | Zot:1    | Reached XP level 26. HP: 215/218 MP: 30/30
 66131 | Zot:1    | Received a gift from Okawaru
 66132 | Zot:1    | Reached skill level 25 in Dodging
 66335 | Zot:1    | Noticed an orb of fire
 66351 | Zot:1    | Killed an orb of fire
 66620 | Zot:1    | Identified the +9 arbalest "Zytiq" {penet, rC+ rCorr
                  | Stlth+}
 66767 | Zot:1    | Received a gift from Okawaru
 66776 | Zot:1    | Noticed Vv
 66790 | Arena    | Entered the Arena
 66818 | Zot:1    | Killed Vv
 67153 | Zot:1    | Found a runed translucent gate.
 67153 | Zot:1    | Found a runed translucent gate.
 67153 | Zot:1    | Found an ancient bone altar of Kikubaaqudgha.
 67153 | Zot:1    | Found a runed translucent gate.
 67153 | Zot:1    | Noticed an ancient lich
 67153 | Zot:1    | Noticed a dread lich
 67153 | Zot:1    | Noticed a dread lich
 67157 | Zot:1    | Noticed Dommouf's ghost (veteran OnBe)
 67161 | Zot:1    | Noticed a dread lich
 67629 | Zot:1    | Killed Dommouf's ghost
 67635 | Zot:1    | Killed a dread lich
 67640 | Zot:1    | Killed an ancient lich
 67651 | Zot:1    | Killed a dread lich
 67656 | Zot:1    | Killed a dread lich
 67656 | Zot:1    | Received a gift from Okawaru
 67668 | Zot:1    | Identified the +0 hat "Wuokhyets" {rC- Int+5}
 67671 | Zot:1    | Identified the ring "Equrphoud" {rPois rN++ rCorr Int-4
                  | Dex+3}
 68730 | Zot:2    | Noticed a Killer Klown
 68762 | Zot:2    | Killed a Killer Klown
 68840 | Zot:2    | Noticed a Killer Klown
 68859 | Zot:2    | Killed a Killer Klown
 69063 | Zot:2    | You fall into a shaft and drop 1 floor!
 69792 | Zot:2    | Received a gift from Okawaru
 69859 | Zot:3    | Noticed a Killer Klown
 70048 | Zot:3    | Killed a Killer Klown
 70058 | Zot:3    | Reached XP level 27. HP: 209/222 MP: 30/30
 70207 | Zot:3    | Identified the +3 scale mail "Imeimnock" {Harm Regen+ Str-5
                  | Int+4}
 71193 | Zot:4    | Noticed an orb of fire
 71200 | Zot:4    | Killed an orb of fire
 71229 | Zot:4    | Received a gift from Okawaru
 71598 | Zot:4    | Noticed an orb of fire
 71601 | Arena    | Entered the Arena
 71611 | Arena    | Lost mutation: You occasionally lose the ability to read
                  | scrolls when taking damage. [potion of mutation]
 71611 | Arena    | Gained mutation: You are agile. (Dex +4, Str/Int -1)
                  | [potion of mutation]
 71611 | Arena    | Gained mutation: You are resistant to electric shocks.
                  | (rElec) [potion of mutation]
 71611 | Arena    | Gained mutation: Your mind is acute. (Int +4, Str/Dex -1)
                  | [potion of mutation]
 71611 | Arena    | Gained mutation: Your mind is very acute. (Int +8, Str/Dex
                  | -2) [potion of mutation]
 71631 | Zot:4    | Killed an orb of fire
 72147 | Zot:5    | Entered Level 5 of the Realm of Zot
 72274 | Zot:5    | Received a gift from Okawaru
 72304 | Arena    | Entered the Arena
 72776 | Zot:5    | Reached skill level 5 in Throwing
 72809 | Zot:5    | Noticed an orb of fire
 72828 | Zot:5    | Killed an orb of fire
 72834 | Zot:5    | Noticed an ancient lich
 72836 | Zot:5    | Noticed an orb of fire
 72848 | Zot:5    | Killed an orb of fire
 72850 | Zot:5    | Killed an ancient lich
 72850 | Zot:5    | Received a gift from Okawaru
 72926 | Zot:5    | Noticed an orb of fire
 72930 | Zot:5    | Gained mutation: You occasionally shout uncontrollably at
                  | your foes. [an orb of fire]
 72932 | Arena    | Entered the Arena
 72938 | Arena    | Killed an orb of fire
 73302 | Zot:5    | Lost mutation: You are agile. (Dex +4, Str/Int -1) [a
                  | shining eye]
 73304 | Zot:5    | Gained mutation: You frequently scream uncontrollably at
                  | your foes. [a shining eye]
 73316 | Zot:5    | Received a gift from Okawaru
 73416 | Zot:5    | Noticed an ancient lich
 73432 | Zot:5    | Killed an ancient lich
 74280 | Zot:5    | Got the Orb of Zot
 74591 | Depths:1 | Noticed Idoova the pandemonium lord
 74609 | Depths:1 | Killed Idoova the pandemonium lord
 74609 | Depths:1 | Received a gift from Okawaru
 74870 | D:9      | Noticed Uweisent the pandemonium lord
 74871 | D:9      | Gained mutation: You occasionally lose the ability to drink
                  | potions when taking damage. [a neqoxec]
 74873 | Abyss:3  | Found a runed translucent door.
 74873 | Abyss:3  | Cast into level 3 of the Abyss (Uweisent)
 74920 | D:9      | Escaped the Abyss
 75163 | D:$      | Escaped with the Orb!

Illustrated notes

Levels and vault maps discovered:
D:1:      dpeg_arrival_erosion, layout_basic, st_stairs_6
D:2:      layout_basic, hellmonk_ecumenical_altar_inner_sanctum,
          supply_closet_lemuel, minmay_diced_spiral
D:3:      layout_rooms, mainiacjoe_overflow_catwalk
D:4:      layout_rooms, kennysheep_little_box,
          nicolae_overflow_hallway_of_the_gods
D:5:      layout_basic, regret_index_kikubaaqudgha_part_by_part,
          minmay_temple_entry_glass, biasface_ghost_orc_armoury,
          lemuel_flamethrower_2
D:6:      minmay_angry_zag, layout_loops_cross, uniq_sigmund, uniq_jeremiah
D:7:      layout_rooms, old_standard_altar, gammafunk_temple_overflow_elements,
          hangedman_decor_riveting, lightli_corner_chamber
D:8:      layout_loops_cross, vehumet_altar_wand_db, minivault_22
D:9:      layout_basic, nicolae_qazlal_eye_of_the_storm,
          minmay_lair_entry_grove, erik_orc_2,
          chequers_guarded_unrand_ignorance, uniq_psyche
D:10:     layout_irregular_city, amcnicky_altar_gilded
D:11:     lemuel_insect_pit, layout_basic, hangedman_feature_mirror
D:12:     layout_cave_pools, dk_noncrumbling_3, nicolae_diode_stairs
D:13:     layout_rooms, serial_glass, glass_columns_b, glass_columns_a,
          due_unseen_surprise, item_on_display_a, minmay_strange_pillars
D:14:     layout_roguey, ximxim_vaults_locker_room
D:15:     gammafunk_enter_depths_forms, layout_grid_maze, serial_bayou_pond_e,
          gammafunk_ghost_wrathful_warriors, uniq_josephine, uniq_roxanne
Lair:1:   layout_long_grid, infiniplex_staircase_pool_2, lemuel_fruit_tree
Lair:2:   layout_loops_ring, minmay_swamp_entry_swarm,
          guppyfry_snake_entry_island
Lair:3:   layout_layer_cave, serial_bayou_lagoon_b, grunt_megastairs_5
Lair:4:   layout_regular_city
Lair:5:   minmay_lair_end_frog_pond, layout_gridlike, slime_entry_1,
          gammafunk_ghost_grave, special_room [special_room_jelly],
          serial_forest, infiniplex_forest_end_3, infiniplex_forest_end_1,
          infiniplex_forest_fountain, infiniplex_forest_end_2,
          infiniplex_forest_end_2, infiniplex_forest_straight_3,
          grunt_forest_stairs_basic, chequers_serial_rivers_small_b, uniq_kirke
Swamp:1:  layout_falls_marsh, evilmike_swamp_ruin_house_2, swamp_pool_1_2,
          hangedman_swamp_diagram
Swamp:2:  layout_falls_marsh, evilmike_swamp_ruin_rubble_2,
          nicolae_swamp_some_circles
Swamp:3:  nicolae_swamp_wrong_neighborhood, layout_basic_swamp,
          hellmonk_ghost_happy_afterlife, nicolae_swamp_treefoil
Swamp:4:  swamp_old_school, layout_basic_swamp
Snake:1:  layout_cave_pods, basic_altar, guppyfry_library_mini,
          serial_bayou_shore_b, uniq_azrael, uniq_aizul, uniq_louise,
          uniq_asterion
Snake:2:  layout_onion_interference, ebering_ghost_rock_garden, minmay_shoptagon
Snake:3:  layout_onion_interference, drop_trap, uniq_vashnia
Snake:4:  grunt_snake_rune_pools, layout_cave_town
Slime:1:  layout_caves
Slime:2:  layout_caves, nicolae_slime_phagocytosis
Slime:3:  layout_caves
Slime:4:  layout_caves
Slime:5:  slime_pit_nicolae_jellycorners
Orc:1:    layout_caves, basic_altar, special_room [special_room_orc],
          uniq_snorg, uniq_jorgrun
Orc:2:    st_orc_open, layout_caves, uniq_donald, uniq_rupert
Elf:1:    layout_onion_city, serial_shops, shop_statue, evilmike_minifort
Elf:2:    nicolae_elf_blades_crystal_corner, layout_geoelf_octagon,
          hangedman_elf_targeted_burst
Elf:3:    minmay_elf_hall_curves, layout_gridlike, serial_shops, shop,
          grunt_megastairs_1, uniq_zenata, uniq_saint_roka
Vaults:1: ebering_ghost_rock_garden, nicolae_vaults_tetromino_Z_1,
          nicolae_vaults_network_square, nicolae_vaults_closet_pinwheel_6,
          ontoclasm_vaults_ring_large, nicolae_vaults_mini_display_case,
          nicolae_vaults_network_quinsquares
          [nicolae_vaults_network_quincunx_subvault,
          nicolae_vaults_network_quincunx_subvault,
          nicolae_vaults_network_quincunx_subvault,
          nicolae_vaults_network_quincunx_subvault],
          nicolae_vaults_double_plus_3, nicolae_vaults_trapezoid_4,
          vaults_room_pool, dpeg_vaults_monster_box,
          vaults_room_grunt_arrival_ludios, v_misc_22, layout_vaults_big_room
Vaults:2: ontoclasm_vaults_idyll, nicolae_vaults_oval_intersection,
          vaults_dpeg_spiral, nicolae_vaults_asterisk,
          nicolae_vaults_closet_pinwheel_5, hangedman_vaults_capsules,
          nicolae_vaults_halls_meeting, nicolae_vaults_cochlea,
          ontoclasm_vaults_gateway, hangedman_vaults_impose, v_misc_18,
          nicolae_vaults_door_testing_chamber, nicolae_vaults_wine_cellar,
          nicolae_vaults_turnstiles, nicolae_vaults_theta, layout_vaults_omnibox
Vaults:3: hangedman_vaults_river_flow, hangedman_vaults_stretched_pinwheel,
          v_alt_pattern_1, vaults_room_large_hall,
          minmay_crypt_entry_nasty_monster, v_misc_10,
          hangedman_vaults_variations, nicolae_vaults_twisting_passages,
          nicolae_vaults_what_the_h, nicolae_vaults_storage_room_water,
          st_lattice, layout_vaults_ring
Vaults:4: nicolae_vaults_sesquioval_fish, grunt_vaults_hallway_long,
          nicolae_vaults_wrenched, ontoclasm_vaults_ligature,
          nicolae_vaults_oval_intersection, nicolae_vaults_more_shelving_1,
          hangedman_vaults_slice, nicolae_vaults_little_squares_6,
          ontoclasm_vaults_idyll, layout_vaults_omnigrid
Vaults:5
Depths:1: minmay_swirls_squares, layout_gridville, rand_demon_pan_entry_7,
          fedhas_altar_1, hell_entry, cheibriados_altar_1, serial_bayou_shore_b
Depths:2: minmay_the_grid_octo_2x2 [minmay_the_grid_octo_teeth,
          minmay_the_grid_octo_tetromino_candy, minmay_the_grid_octo_chip,
          minmay_the_grid_octo_prize_square_snowflake], layout_basic,
          enter_ziggurat_e, hellmouth_1,
          serial_library_hellmonk_recessed_alcove, grunt_pan_entry_in_and_out,
          chequers_serial_rivers_small_3, uniq_norris
Depths:3: four-leaf_vault, layout_cave_shapes, nicolae_uskayaw_en_pointe,
          abyss_entry, grunt_hell_entry_dis_grunt, minmay_staircase_bubble,
          minmay_shop_grove
Depths:4: evilmike_zot_entry_hall, layout_cave_pools, rand_demon_pan_entry_1,
          roderic_lattice_a, hell_entry, nicolae_trove_entry_free_sample,
          horrible_house_mu, serial_bayou_shore_b
Zot:1:    regret_index_zot_pan_timeshare, layout_basic, gammafunk_ghost_crypt,
          uniq_vv
Zot:2:    grunt_zot_stairs_faceoff, layout_gridlike, regret_index_zotdec_dark_gr
Zot:3:    layout_misc_corridors
Zot:4:    layout_cathedral_of_symmetry
Zot:5:    layout_misc_corridors, regret_index_zotdec_onion_hex

Skill      XL: |  1  2  3  4  5  6  7  8  9 10 11 12 13 14 15 16 17 18 19 20 21 22 23 24 25 26 27 |
---------------+----------------------------------------------------------------------------------+-----
Short Blades   | 2 3 4 5 7 8 10 12 14 16 18 | 18.0
Evocations     | 2 3 7 |  7.0
Fighting       | 4 5 7 10 13 16 17 19 20 | 20.0
Stealth        | 5 6 8 10 11 13 15 | 15.0
Throwing       | 3 6 |  6.0
Invocations    | 3 5 7 10 | 10.0
Dodging        | 5 7 10 13 14 15 17 18 20 22 24 25 | 25.0
Armour         | 1 5 10 12 15 19 24 | 24.2

Action                     |  1- 3 |  4- 6 |  7- 9 | 10-12 | 13-15 | 16-18 | 19-21 | 22-24 | 25-27 || total
---------------------------+-------+-------+-------+-------+-------+-------+-------+-------+-------++-------
  Melee: Dagger            |   107 |   155 |   260 |   646 |       |       |       |       |       ||  1168
         Short sword       |       |    44 |   260 |   835 |   900 |  1138 |   671 |       |       ||  3848
         Quick blade       |       |       |       |   365 |  1738 |  2216 |  2812 |  4801 |  6230 || 18162
         Unarmed           |       |       |       |       |     3 |       |       |       |       ||     3
         Trishula          |       |       |       |       |       |       |    33 |       |       ||    33
  Throw: Dart              |     2 |     1 |    22 |     3 |     1 |     3 |     3 |     2 |       ||    37
         Boomerang         |       |     3 |       |    57 |    37 |    22 |    62 |    17 |    45 ||   243
         Throwing net      |       |       |       |       |     1 |       |       |       |     1 ||     2
 Invoke: Receive Weapon    |       |       |       |     1 |       |       |       |       |       ||     1
         Receive Armour    |       |       |       |     1 |       |       |       |       |       ||     1
         Finesse           |       |       |       |       |     1 |     4 |     6 |       |     7 ||    18
         Duel              |       |       |       |       |       |     1 |     2 |     8 |     5 ||    16
         Heroism           |       |       |       |       |       |     1 |     3 |       |     2 ||     6
Ability: Invent Gizmo      |       |       |       |       |     1 |       |       |       |       ||     1
  Evoke: Wand              |       |     1 |     4 |    36 |     8 |     7 |    13 |     2 |     3 ||    74
    Use: Scroll            |       |     2 |     4 |     7 |    12 |    14 |    16 |     6 |    24 ||    85
         Potion            |       |       |     1 |     1 |     1 |    15 |    17 |     5 |    30 ||    70
   Stab: Sleeping          |     4 |     4 |    11 |     9 |    22 |    30 |    30 |    32 |    48 ||   190
         Distracted        |     1 |       |     1 |    15 |    55 |    87 |    96 |   106 |   167 ||   528
         Held in net/web   |       |       |       |       |     3 |       |       |       |     5 ||     8
         Fleeing           |       |       |       |       |       |       |       |     1 |       ||     1
 Armour: Ring mail         |    21 |    56 |   157 |   281 |    34 |   451 |   331 |   328 |       ||  1659
         Skin              |       |       |       |     1 |     2 |       |     1 |       |       ||     4
         Troll leather arm |       |       |       |    32 |       |       |       |       |       ||    32
         Steam dragon scal |       |       |       |       |   207 |    65 |       |       |       ||   272
         Swamp dragon scal |       |       |       |       |       |       |    62 |       |       ||    62
         Leather armour    |       |       |       |       |       |       |     9 |       |    35 ||    44
         Quicksilver drago |       |       |       |       |       |       |       |   105 |   490 ||   595
  Dodge: Dodged            |    24 |    38 |    83 |   297 |   523 |   834 |   751 |  1042 |  1463 ||  5055

Table legend: (Time is in decaauts)
 A = Elapsed time spent in this place.
 B = Non-inter-level travel time spent in this place.
 C = Inter-level travel time spent in this place.
 D = Time resting spent in this place.
 E = Time spent auto-exploring this place.
 F = Levels seen in this place.
 G = Mean time per level.
                   A        B        C        D        E       F      G
               +--------+--------+--------+--------+--------+-----+--------+
         Total |  71420 |  64831 |   6589 |   6628 |  38202 |  72 |  991.9 |
       Dungeon |  19908 |  17149 |   2759 |   1842 |  11619 |  15 | 1327.2 |
          Lair |   8429 |   7354 |   1075 |   1311 |   4297 |   5 | 1685.8 |
         Swamp |   3519 |   3204 |    315 |     97 |   2023 |   4 |  879.8 |
     Snake Pit |   6562 |   6281 |    281 |    777 |   3737 |   4 | 1640.5 |
    Slime Pits |    357 |    357 |      0 |      0 |      0 |   5 |   71.4 |
  Orcish Mines |   1669 |   1471 |    198 |     84 |    796 |   2 |  834.5 |
   Elven Halls |   6403 |   6154 |    249 |    716 |   2757 |   3 | 2134.3 |
        Vaults |   9578 |   8929 |    649 |    629 |   5238 |   5 | 1915.6 |
        Depths |   6477 |   5856 |    621 |    353 |   3388 |   4 | 1619.2 |
           Zot |   7775 |   7336 |    439 |    784 |   4312 |   5 | 1555.0 |
         Abyss |    387 |    387 |      0 |      0 |      0 |   3 |  129.0 |
         Trove |    107 |    107 |      0 |      0 |     32 |   1 |  107.0 |
         Arena |    242 |    242 |      0 |     34 |      0 |  16 |   15.1 |
               +--------+--------+--------+--------+--------+-----+--------+

Top non-repeatable levels by time:
     D:9: 2664 daAuts
   Elf:3: 2613 daAuts
   Zot:1: 2405 daAuts
Vaults:4: 2393 daAuts
Vaults:5: 2376 daAuts
 Snake:4: 2281 daAuts
 Snake:1: 2257 daAuts
Depths:4: 2043 daAuts
  Lair:5: 1979 daAuts
   Elf:2: 1971 daAuts
   Zot:5: 1925 daAuts
     D:8: 1826 daAuts
   Elf:1: 1819 daAuts
  Lair:4: 1768 daAuts
  Lair:1: 1665 daAuts
